 Dungeon Crawl Stone Soup version 0.30-a0-800-g7c544603b3 (webtiles) character file.

Game seed: 419372001324406413

7 voltaire321 the Charlatan (level 2, -2/21 HPs)
             Began as a Merfolk Artificer on Feb 22, 2023.
             Slain by a jackal (3 damage)
             ... on level 1 of the Dungeon.
             The game lasted 00:00:39 (155 turns).

voltaire321 the Charlatan (Merfolk Artificer)        Turns: 155, Time: 00:00:39

Health: -2/21      AC:  3    Str: 12    XL:     2   Next: 0%
Magic:  2/2        EV: 12    Int: 10    God:
Gold:   35         SH:  0    Dex: 14    Spells: 1/1 levels left

rFire   . . .      SeeInvis .    h - +0 hand axe
rCold   . . .      Faith    .    (no shield)
rNeg    . . .      Spirit   .    b - +0 leather armour
rPois   .          Reflect  .    (no helmet)
rElec   .          Harm     .    (no cloak)
rCorr   .          Rampage  .    (no gloves)
Will    .....                    (no boots)
Stlth   +                        (no amulet)
HPRegen 0.23/turn                (no ring)
MPRegen 0.08/turn                (no ring)

@: no status effects
A: (nimble swimmer 2), mertail
a: no special abilities


You were on level 1 of the Dungeon.
You visited 1 branch of the dungeon, and saw 1 of its levels.

You collected 35 gold pieces.

Inventory:

Hand Weapons
 h - a +0 hand axe (weapon)
Missiles
 m - a throwing net
 p - 5 javelins
Armour
 b - a +0 leather armour (worn)
Jewellery
 f - an amulet of faith
Wands
 c - a wand of flame (15) (quivered)
 d - a wand of charming (15)
 e - a wand of iceblast (5)
Scrolls
 a - a scroll of enchant armour {unknown}
 g - a scroll of immolation {unknown}
 i - a scroll of summoning {unknown}
 l - a scroll of teleportation {unknown}
 n - a scroll of poison {unknown}
 q - a scroll of identify {unknown}
Potions
 j - a potion of might {unknown}
 k - a potion of curing {unknown}
 o - a potion of lignification {unknown}


   Skills:
 + Level 1.3 Fighting
 + Level 0.8 Armour
 + Level 2.9 Dodging
 - Level 1.1 Stealth
 + Level 3.1 Evocations


You had one spell level left.
You didn't know any spells.
Your spell library was empty.

Dungeon Overview and Level Annotations

Branches:
Dungeon (1/15)

Altars:


Innate Abilities, Weirdness & Mutations

((You are very nimble when in or above water. (Stealth+, EV+, Speed+++)))
Your lower body shifts to a powerful aquatic tail in water.


Message History

The hobgoblin hits you but does no damage.
The kobold hits you but does no damage. The jackal bites you.
The jackal closely misses you.
You hit the hobgoblin.
You kill the hobgoblin!
You hit the kobold.
You kill the kobold!
You hit the jackal. x2; The jackal bites you. x2; The jackal misses you.
You hit the jackal but do no damage. You closely miss the jackal.
You barely miss the jackal. You miss the jackal. The jackal bites you.
The jackal closely misses you. The jackal barely misses you.
The jackal bites you.
* * * LOW HITPOINT WARNING * * *
The jackal bites you.
* * * LOW HITPOINT WARNING * * *
The jackal bites you but does no damage.
The jackal barely misses you.
You barely miss the jackal.
The jackal is heavily wounded.
You closely miss the jackal. You hit the jackal.
You kill the jackal!
You hit the jackal. The jackal closely misses you.
The jackal bites you but does no damage.
The jackal barely misses you. x4
You slash the jackal!
You kill the jackal!
You closely miss the jackal. You hit the jackal. The jackal barely misses you.
The jackal bites you but does no damage. x2
The jackal completely misses you.
You have reached level 2!
You miss the jackal. You hit the jackal but do no damage.
The jackal closely misses you. x3; The jackal barely misses you.
You barely miss the jackal. x2; The jackal closely misses you. x3
You barely miss the jackal. x2; The jackal misses you. x2
The jackal barely misses you.
You closely miss the jackal. x2; The jackal closely misses you.
The jackal barely misses you. The jackal bites you.
* * * LOW HITPOINT WARNING * * *
The jackal bites you.
You die...

######### #### ........#
#..# ......h.# #..#
......)@# #######..#
###.#.h.###........#
#.....#.....#####..#####
.............####.##....
.....................###
..............##..#####.
.................## ###.
..............#### #...
..............## #.##


You could see 2 jackals.

Vanquished Creatures
  A goblin (D:1)
  A hobgoblin (D:1)
  2 jackals (D:1)
  A bat (D:1)
  A kobold (D:1)
6 creatures vanquished.

Notes
Turn   | Place    | Note
-------+----------+-------------------------------------------
     0 | D:1      | voltaire321 the Merfolk Artificer began the quest for the
                  | Orb.
     0 | D:1      | Reached XP level 1. HP: 15/15 MP: 1/1
   152 | D:1      | Reached XP level 2. HP: 2/21 MP: 2/2
   155 | D:1      | HP: 1/21 [jackal (3)]
   155 | D:1      | Slain by a jackal

Illustrated notes

Levels and vault maps discovered:
D:1:      dpeg_arrival_lava_altar, layout_rooms

Action                     || total
---------------------------++-------
  Melee: Hand axe          ||    15
 Armour: Leather armour    ||    11
  Dodge: Dodged            ||    32

Table legend: (Time is in decaauts)
 A = Elapsed time spent in this place.
 B = Non-inter-level travel time spent in this place.
 C = Inter-level travel time spent in this place.
 D = Time resting spent in this place.
 E = Time spent auto-exploring this place.
 F = Levels seen in this place.
 G = Mean time per level.
                   A        B        C        D        E       F      G
               +--------+--------+--------+--------+--------+-----+--------+
         Total |    158 |    158 |      0 |      0 |     90 |   1 |  158.0 |
       Dungeon |    158 |    158 |      0 |      0 |     90 |   1 |  158.0 |
               +--------+--------+--------+--------+--------+-----+--------+

Top non-repeatable levels by time:
     D:1: 158 daAuts
